 Dungeon Crawl Stone Soup version 0.20-a0-266-gdedccd6 (webtiles) character file.

1064 gamerape the Slasher (level 8, 0/42 HPs)
             Began as a Vine Stalker Chaos Knight on Dec 5, 2016.
             Slain by an ogre
             ... wielding a +0 giant club
              (8 damage)
             ... on level 5 of the Dungeon.
             The game lasted 00:14:39 (3379 turns).

gamerape the Slasher (Vine Stalker Chaos Knight)    Turns: 3379, Time: 00:14:40

Health: 0/42       AC: 16    Str: 16    XL:     8   Next: 27%
Magic:  0/9        EV: 10    Int: 12    God:    Xom [..*...]
Gold:   280        SH:  0    Dex: 15    Spells: 7/7 levels left

rFire  . . .     SeeInvis .     b - +2 long sword (holy)
rCold  . . .     Gourm    .     x - +3 chain mail
rNeg   + . .     Faith    .     (no shield)
rPois  +         Spirit   +     (helmet restricted)
rElec  .         Reflect  .     v - +2 cloak {rPois}
rCorr  .         Harm     +     (no gloves)
MR     +....                    k - +0 pair of boots
Stlth  ..........               I - amulet of harm
                                u - ring of positive energy
                                m - +2 ring of evasion

@: no status effects
A: fangs 3, horns 1, blurry vision 1, regeneration 1, magic shield, antimagic
bite, no device heal 3, rot immunity
a: Renounce Religion


You were on level 5 of the Dungeon.
You worshipped Xom.
You were a toy of Xom.
You were not hungry.

You visited 1 branch of the dungeon, and saw 5 of its levels.

You collected 280 gold pieces.

Inventory:

Hand Weapons
 a - a +0 falchion of chaos
 b - a +2 long sword of holy wrath (weapon)
Missiles
 i - 8 javelins (quivered)
Armour
 k - a +0 pair of boots (worn)
 o - a +0 pair of boots
 p - a +2 leather armour
 v - a +2 cloak of poison resistance (worn)
 x - a +3 chain mail (worn)
Jewellery
 m - a +2 ring of evasion (left hand)
 u - a ring of positive energy (right hand)
 I - an amulet of harm (around neck)
Scrolls
 d - 3 scrolls of identify
 e - 3 scrolls of teleportation
 g - 3 scrolls of remove curse
 s - 2 scrolls of noise {unknown}
 y - a scroll of blinking {unknown}
 A - a scroll of magic mapping {unknown}
 D - a scroll of enchant weapon {unknown}
 E - a scroll of immolation {unknown}
 G - a scroll of amnesia {unknown}
Potions
 h - a potion of cancellation {unknown}
 r - 3 potions of curing {unknown}
 t - 2 potions of haste {unknown}
 w - a potion of brilliance {unknown}
 z - 2 potions of lignification {unknown}
 F - a potion of agility
Books
 B - a book of Misfortune

   Spells                             Type                      Level
   a - Confusing Touch                Hexes                        1
   b - Confuse                        Hexes                        3
   c - Gell's Gravitas                Hexes/Translocation          3
   d - Petrify                        Transmutation/Earth          4
   e - Metabolic Englaciation         Hexes/Ice                    5
   f - Yara's Violent Unravelling     Hexes/Transmutation          5
 C - a book of Air

   Spells                             Type                      Level
   a - Shock                          Conjuration/Air              1
   b - Swiftness                      Charms/Air                   2
   c - Repel Missiles                 Charms/Air                   2
   d - Static Discharge               Conjuration/Air              3
   e - Lightning Bolt                 Conjuration/Air              5
Comestibles
 c - 3 bread rations
 f - 9 fruits
 j - a meat ration
 l - 3 slices of pizza
 n - a beef jerky
 q - a royal jelly
 H - 2 chunks of flesh


   Skills:
 + Level 4.5 Fighting
 + Level 6.5 Long Blades
 + Level 3.4 Armour
 + Level 2.6 Dodging
 + Level 2.2 Stealth


You had 7 spell levels left.
You didn't know any spells.

Dungeon Overview and Level Annotations

Branches:
Dungeon (5/15)             Temple (0/1) D:4

Altars:
Fedhas


Innate Abilities, Weirdness & Mutations

You have razor-sharp teeth.
Your natural rate of healing is unusually fast.
When hurt, damage is shared between your health and your magic reserves.
Your bite disrupts and absorbs the magic of your enemies.
Potions and wands cannot restore your health.
You are immune to rotting.
You have a pair of small horns on your head.
Scrolls take you a little longer to read.


Message History

An ogre comes into view. It is wielding a giant club.
The ogre shouts!
Your chain mail prevents you from hitting the ogre.
The ogre hits you but does no damage.
You hit the ogre. Your bite misses the ogre.
The ogre is moderately wounded.
The ogre hits you with a giant club!!
You slash the ogre!
You headbutt the ogre, but do no damage.
The ogre is heavily wounded.
The ogre hits you with a giant club!
Your chain mail prevents you from hitting the ogre.
Your headbutt misses the ogre. Your bite misses the ogre.
The ogre is heavily wounded.
The ogre hits you with a giant club!
* * * LOW HITPOINT WARNING * * *
You hit the ogre.
The ogre is severely wounded.
The ogre hits you with a giant club!
You die...

.# #.## ## ### ...# ..
#.. ...# .# # #.##[. .#
# ## #.#.### ###.##.##
.###.....######.......##
.'......).[.....@.......
.##......#.####.#O#...##
###.......## #.#.# .# #
######.## #.#.. #.#
#.#.## #.# #.#.# #.#
#>... #.# ###.. #.#


You could see an ogre.

Vanquished Creatures
  An ice beast (D:5)
  A tengu (shapeshifter) (D:2)
  A scorpion (D:4)
  2 howler monkeys (D:4)
  5 orc priests
  Crazy Yiuf (D:2)
  3 orc wizards
  Natasha (thrice) (D:2)
  Terence (D:1)
  3 worker ants (D:4)
  Robin (D:3)
  5 adders
  2 oozes (D:1)
  An adder skeleton (D:4)
  5 worms
  4 dart slugs
  3 leopard geckos
  16 orcs
  A ball python (D:1)
  5 giant cockroaches
  16 goblins
  7 hobgoblins
  11 jackals
  12 kobolds
  A quokka (D:4)
  7 bats
  5 frilled lizards
  A quokka skeleton (D:4)
  3 rats
127 creatures vanquished.

Vanquished Creatures (collateral kills)
  Sigmund (D:3)
  An orc (D:3)
2 creatures vanquished.

Grand Total: 129 creatures vanquished

Notes
Turn   | Place    | Note
-------+----------+-------------------------------------------
     0 | D:1      | gamerape the Vine Stalker Chaos Knight began the quest for the Orb.
     0 | D:1      | Reached XP level 1. HP: 11/11 MP: 2/2
   127 | D:1      | XOM: silly message
   152 | D:1      | Reached XP level 2. HP: 11/16 MP: 3/3
   310 | D:1      | XOM: silly message
   313 | D:1      | Reached skill level 3 in Long Blades
   329 | D:1      | XOM: silly message
   330 | D:1      | Reached skill level 1 in Dodging
   392 | D:1      | Reached XP level 3. HP: 8/20 MP: 4/4
   796 | D:1      | XOM: harmless Chrm miscast
   842 | D:1      | XOM is BORED!
   842 | D:1      | XOM: mild Conj miscast
   950 | D:2      | Noticed Natasha
  1137 | D:2      | Killed Natasha
  1137 | D:2      | Gained mutation: Your natural rate of healing is unusually fast. [Vine Stalker growth]
  1137 | D:2      | Reached XP level 4. HP: 24/24 MP: 5/5
  1142 | D:2      | XOM: divination: detect items
  1143 | D:2      | Noticed Natasha
  1153 | D:2      | Killed Natasha
  1153 | D:2      | Reached skill level 1 in Stealth
  1238 | D:2      | Noticed Natasha
  1238 | D:2      | XOM: divination: detect items
  1246 | D:2      | Killed Natasha
  1246 | D:2      | Reached XP level 5. HP: 26/28 MP: 6/6
  1457 | D:2      | Found a blossoming altar of Fedhas.
  1539 | D:2      | Noticed a big kobold
  1539 | D:2      | a worm changed into a big kobold
  1543 | D:2      | Noticed a wyvern
  1543 | D:2      | a big kobold changed into a wyvern
  1547 | D:2      | XOM: potion effect (berserk rage)
  1547 | D:2      | Noticed a tengu
  1547 | D:2      | a wyvern changed into a tengu
  1549 | D:2      | Killed a tengu
  1549 | D:2      | Reached skill level 4 in Long Blades
  1549 | D:2      | Reached XP level 6. HP: 11/32 MP: 5/7
  1556 | D:2      | Gained mutation: You have a pair of small horns on your head. [mutagenic meat]
  1557 | D:2      | Gained mutation: Scrolls take you a little longer to read. [mutagenic meat]
  1562 | D:2      | Noticed Terence
  1598 | D:1      | Killed Terence
  1682 | D:2      | Found a runed door.
  1687 | D:2      | Noticed Crazy Yiuf
  1697 | D:2      | Killed Crazy Yiuf
  1937 | D:3      | Noticed Sigmund
  1937 | D:3      | XOM: summons 3 friendly demons
  1959 | D:3      | Killed Sigmund
  1959 | D:3      | Reached skill level 5 in Long Blades
  1959 | D:3      | Reached XP level 7. HP: 35/37 MP: 8/8
  2088 | D:3      | XOM: divination: magic mapping
  2093 | D:3      | Noticed Robin
  2105 | D:3      | Killed Robin
  2340 | D:3      | XOM: harmless Conj miscast
  2498 | D:3      | XOM: silly message
  2568 | D:3      | XOM: potion effect (agility)
  2583 | D:4      | XOM: divination: detect items
  2673 | D:4      | XOM: potion effect (agility)
  2676 | D:4      | XOM: potion effect (berserk rage)
  2792 | D:4      | Found a staircase to the Ecumenical Temple.
  2799 | D:4      | XOM: butterfly on damage
  2817 | D:4      | Reached skill level 6 in Long Blades
  2817 | D:4      | Gained mutation: You have razor-sharp teeth. [Vine Stalker growth]
  2817 | D:4      | Reached XP level 8. HP: 6/42 MP: 1/9
  3259 | D:5      | Entered Level 5 of the Dungeon
  3338 | D:5      | XOM: mild Tloc miscast
  3379 | D:5      | Slain by an ogre

Vault maps used:
D:1:      dpeg_arrival_morbid_curiosity
D:2:      lemuel_coloured_pillars_altar, uniq_crazy_yiuf_cottage, uniq_terence,
          uniq_natasha
D:3:      uniq_robin, uniq_sigmund
D:4:      first_bread
D:5:      chequers_temple_overflow_statue_of_worship, portal_sewer_entry_b

Skill      XL: |  1  2  3  4  5  6  7 |
---------------+----------------------+-----
Fighting       | 3 4 |  4.5
Long Blades    | 3 4 5 6 |  6.5
Dodging        | 1 2 |  2.6
Armour         | 2 3 |  3.4
Stealth        | 1 2 |  2.2

Action                   |  1- 3 |  4- 6 |  7- 9 || total
-------------------------+-------+-------+-------++-------
Melee: Falchion          |    69 |   128 |    68 ||   265
       Bite              |    26 |    36 |    42 ||   104
       Headbutt          |       |    17 |    36 ||    53
       Long sword        |       |       |    98 ||    98
  Use: Scroll            |       |     3 |       ||     3
       Potion            |       |     1 |       ||     1
 Stab: Confused          |     1 |       |       ||     1
       Paralysed         |     1 |       |       ||     1
       Sleeping          |       |     1 |       ||     1
  Eat: Chunk             |     1 |     5 |     5 ||    11
Armor: Leather armour    |    40 |    24 |       ||    64
       Chain mail        |       |    10 |   110 ||   120
Dodge: Dodged            |    70 |    93 |    86 ||   249
       Rpst.: Falchion   |    20 |    24 |    10 ||    54
       Long sword        |       |       |    16 ||    16
